 Dungeon Crawl Stone Soup version 0.26-b1-32-g5d43845 (webtiles) character file.

Game seed: 13607521338748791571

28571 Illumine the Severer (level 13, -3/116 HPs)
             Began as a Minotaur Fighter on Jan 13, 2021.
             Was a High Priest of Okawaru.
             Slain by a manticore (4 damage)
             ... while petrified by a catoblepas
             ... on level 5 of the Lair of Beasts on Jan 14, 2021.
             The game lasted 00:13:37 (13498 turns).

Illumine the Severer (Minotaur Fighter)            Turns: 13498, Time: 00:13:37

Health: -3/116     AC: 31    Str: 32    XL:     13   Next: 10%
Magic:  17/18      EV:  2    Int: 10    God:    Okawaru [*****.]
Gold:   1179       SH:  0    Dex: 10    Spells: 12/12 levels left

rFire    . . .     SeeInvis .   C - +1 broad axe
rCold    + . .     Faith    .   c - +0 kite shield
rNeg     + + +     Spirit   .   o - +7 plate armour of the End {+Blink rC+ Str+7 Int-4}
rPois    ∞         Reflect  .   Q - +2 hat of Life {Int+2}
rElec    .         Harm     .   p - scarf {+Inv}
rCorr    .         Rampage  .   R - +0 pair of gloves
Will     .....                  O - +1 pair of boots (curse)
Stlth    ..........             (no amulet)
HPRegen  0.29/turn              y - +6 ring of intelligence
MPRegen  0.16/turn              S - +4 ring of evasion

@: petrified, heroism, barbed spikes, very slow
A: retaliatory headbutt, horns 2
a: Renounce Religion, Evoke Blink, Evoke Invisibility, Heroism, Finesse


You were on level 5 of the Lair of Beasts.
You worshipped Okawaru.
Okawaru was extremely pleased with you.
You visited 5 branches of the dungeon, and saw 19 of its levels.

You collected 1179 gold pieces.

Inventory:

Hand Weapons
 z - a +2 scimitar of flaming
 C - a +1 broad axe (weapon)
Missiles
 j - 21 boomerangs (quivered)
Armour
 c - a +0 kite shield (worn)
 o - the +7 plate armour of the End (worn) {+Blink rC+ Str+7 Int-4}
   (You found it on level 4 of the Dungeon)

   It affects your strength (+7).
   It affects your intelligence (-4).
   It protects you from cold.
   It lets you blink.
 p - a scarf of invisibility (worn)
 v - the +1 plate armour "Tutwau" {rN+++ Int+7 Dex-3}
   (You found it on level 7 of the Dungeon)

   It affects your intelligence (+7).
   It affects your dexterity (-3).
   It renders you almost immune to negative energy.
 O - a cursed +1 pair of boots (worn)
 Q - the +2 hat of Life (worn) {Int+2}
   (Okawaru gifted it to you on level 1 of the Lair of Beasts)

   It affects your intelligence (+2).
 R - a +0 pair of gloves (worn)
Jewellery
 b - an uncursed ring of ice
 n - an uncursed ring of resist corrosion
 q - a +6 ring of dexterity
 t - an uncursed amulet of faith {unknown}
 y - a +6 ring of intelligence (left hand)
 G - an uncursed ring of poison resistance
 I - an uncursed ring of teleportation
 S - a +4 ring of evasion (right hand)
Wands
 a - a wand of enslavement (9)
 f - a wand of flame (31)
 i - a wand of paralysis (15)
 k - a wand of digging (7)
 F - a wand of polymorph (9)
 L - a wand of disintegration (19)
 M - a wand of random effects (10)
Scrolls
 e - 5 scrolls of teleportation
 r - 2 scrolls of enchant armour
 E - a scroll of blinking
 H - 2 scrolls of noise
 J - 5 scrolls of identify
 K - 5 scrolls of remove curse
 N - a scroll of enchant weapon
 T - a scroll of vulnerability {unknown}
 U - 2 scrolls of fog {unknown}
Potions
 d - 5 potions of might
 g - 2 potions of mutation
 h - 3 potions of curing
 l - 3 potions of heal wounds
 m - 3 potions of ambrosia
 s - 3 potions of brilliance
 w - 4 potions of degeneration {unknown}
 x - 2 potions of lignification {unknown}
 A - a potion of berserk rage {unknown}
 B - 3 potions of resistance {unknown}
 D - a potion of cancellation {unknown}
 P - a potion of flight {unknown}


   Skills:
 + Level 11.6(16.6) Fighting
 * Level 15.2(20.2) Axes
 + Level 11.5(16.5) Armour
 + Level 11.5(16.5) Shields
 + Level 8.4 Invocations
 + Level 1.1 Evocations


You had 12 spell levels left.
You didn't know any spells.
Your spell library contained the following spells:

 Spells                   Type           Power        Failure   Level
 Animate Skeleton         Necr           0%           86%         1
 Apportation              Tloc           0%           86%         1
 Corona                   Hex            0%           86%         1
 Shock                    Conj/Air       0%           86%         1
 Summon Small Mammal      Summ           0%           86%         1
 Swiftness                Air            0%           95%         2
 Static Discharge         Conj/Air       0%           99%         3
 Airstrike                Air            0%           100%        4
 Irradiate                Conj/Tmut      0%           100%        5
 Lightning Bolt           Conj/Air       0%           100%        5
 Hydra Form               Tmut           0%           100%        6
 Statue Form              Tmut/Erth      0%           100%        6
 Dragon Form              Tmut           0%           100%        7


Dungeon Overview and Level Annotations

Branches:
Dungeon (10/15)            Temple (1/1) D:4            Lair (5/6) D:10
 Shoals (1/4) Lair:3       Spider (0/4) Lair:3          Orc (2/2) D:9
  Slime: Lair:5-6       Elf: Orc:2

Altars:
Ashenzari
Cheibriados
Dithmenos
Elyvilon
Fedhas
Gozag
Hepliaklqana
Kikubaaqudgha
Makhleb
Nemelex Xobeh
Okawaru
Qazlal
Ru
Sif Muna
Trog
Uskayaw
Vehumet
Wu Jian
Xom
Yredelemnul
Zin
The Shining One

Annotations:
Lair:1 exclusion: oklob plant
Lair:2 2 transporters, MrDizzy's ghost, journeyman HuEn
Shoals:1 Aizul


Innate Abilities, Weirdness & Mutations

You reflexively headbutt those who attack you in melee.
You have a pair of horns on your head.


Message History

You are engulfed in calcifying dust.
The catoblepas gores you!
* * * LOW HITPOINT WARNING * * *
The manticore bites you but does no damage.
The manticore claws you but does no damage.
The manticore claws you.
* * * LOW HITPOINT WARNING * * *
You are engulfed in calcifying dust.
The catoblepas gores you.
* * * LOW HITPOINT WARNING * * *
The manticore bites you!
* * * LOW HITPOINT WARNING * * *
The manticore claws you but does no damage. x2
You are engulfed in calcifying dust.
The catoblepas gores you but does no damage.
The manticore bites you but does no damage.
The manticore claws you but does no damage. x2
The catoblepas gores you but does no damage.
The manticore bites you but does no damage.
The manticore claws you but does no damage.
The manticore claws you!
You die...

..# ..P# #..#
#####... ####
#...##.##...#
#.(≈≈#.#≈≈$.#
#.≈..≈.≈..≈.#
##≈..Y..§.≈#
##≈.H@≈.≈##
#..≈<≈..#
#≈.≈≈≈§≈#
#≈.......≈#
#.≈..≈.≈..≈.#
#.(≈≈#+#≈≈$.#
#...## #...#
#### ####


You could see a catoblepas and a manticore.

Vanquished Creatures
  Fannar (Lair:1)
  2 hydras
  A catoblepas (Lair:5)
  Erica (Lair:2)
  A two-headed ogre (D:9)
  3 death yaks (D:10)
  Sonja (Lair:2)
  An unseen horror (D:7)
  A manticore (Lair:5)
  An orc knight (Orc:2)
  A deep elf mage (D:7)
  4 elephants (Lair:4)
  A merfolk siren (Lair:3)
  3 black mambas
  Psyche (D:9)
  6 cane toads
  A torpor snail (Lair:3)
  2 rime drakes
  5 komodo dragons
  A troll (Orc:2)
  Grinder (D:3)
  3 slime creatures (D:9)
  3 blink frogs (Lair:4)
  A wyvern (Lair:4)
  A tarantella (Lair:3)
  20 yaks
  A shadow (D:7)
  3 basilisks
  3 wargs
  12 water moccasins
  Duvessa (D:7)
  12 orc warriors
  2 sky beasts
  A black bear (D:9)
  2 phantoms (D:7)
  2 ice beasts
  5 ogres
  6 wolves (Lair:4)
  2 centaurs
  5 big kobolds
  12 bullfrogs
  A gnoll sergeant (D:9)
  Dowan (D:7)
  5 scorpions
  9 killer bees
  A wight (D:7)
  A howler monkey (D:4)
  An electric eel (Lair:3)
  3 centaur zombies
  A quasit (D:9)
  2 bullfrog zombies
  13 orc priests
  3 hounds
  3 bullfrog skeletons
  A gnoll shaman (D:7)
  3 jellies
  5 iguanas
  16 orc wizards
  13 worker ants
  2 hound skeletons
  A worker ant zombie (D:6)
  7 gnolls
  11 adders
  3 shadow imps
  3 white imps
  3 ufetubi
  An ooze (D:5)
  3 adder skeletons
  4 worms
  3 dart slugs
  4 leopard geckos
  73 orcs
  5 giant cockroaches
  11 hobgoblins
  5 jackals
  4 quokkas
  A bat (D:1)
  7 frilled lizards
  7 goblins
  40 kobolds
  A quokka skeleton (D:8)
  8 rats
425 creatures vanquished.

Vanquished Creatures (others)
  18 fungi
  18 plants
36 creatures vanquished.

Grand Total: 461 creatures vanquished

Notes
Turn   | Place    | Note
-------+----------+-------------------------------------------
     0 | D:1      | Illumine the Minotaur Fighter began the quest for the Orb.
     0 | D:1      | Reached XP level 1. HP: 19/19 MP: 0/0
   111 | D:1      | Reached XP level 2. HP: 25/27 MP: 1/1
   184 | D:1      | Reached skill level 3 in Axes
   553 | D:1      | Reached XP level 3. HP: 22/33 MP: 2/2
  1281 | D:3      | Found a glowing drain.
  1283 | D:3      | Reached XP level 4. HP: 40/40 MP: 3/3
  1322 | D:3      | Noticed an ice beast
  1333 | D:3      | Killed an ice beast
  1334 | D:3      | Reached skill level 4 in Axes
  1334 | D:3      | Reached XP level 5. HP: 47/47 MP: 4/4
  1435 | D:3      | Noticed Grinder
  1440 | D:3      | Killed Grinder
  1441 | D:3      | Reached skill level 5 in Fighting
  1441 | D:3      | Reached skill level 5 in Axes
  1441 | D:3      | Reached skill level 5 in Armour
  1441 | D:3      | Reached skill level 5 in Shields
  1441 | D:3      | Reached XP level 6. HP: 40/56 MP: 5/5
  2303 | D:4      | Found a staircase to the Ecumenical Temple.
  2356 | Temple   | Entered the Ecumenical Temple
  2477 | Temple   | Became a worshipper of Warmaster Okawaru
  2683 | D:4      | Got a warped plate armour
  2694 | D:4      | Identified the +7 plate armour of the End {+Blink rC+ Str+7
                  | Int-4} (You found it on level 4 of the Dungeon)
  2834 | D:4      | Reached skill level 6 in Axes
  2834 | D:4      | Reached XP level 7. HP: 35/61 MP: 6/6
  3079 | D:4      | Reached * piety under Okawaru
  3364 | D:4      | Reached skill level 7 in Axes
  3529 | D:5      | Entered Level 5 of the Dungeon
  3771 | D:5      | Got a distressingly furry chain mail
  3772 | D:5      | Identified the +0 chain mail "Adearaod" {+Fly rElec rC-
                  | Int+6} (You found it on level 5 of the Dungeon)
  3830 | D:5      | Reached XP level 8. HP: 69/70 MP: 7/7
  4355 | D:6      | Reached skill level 1 in Invocations
  4376 | D:6      | Reached skill level 8 in Axes
  4404 | D:6      | Reached ** piety under Okawaru
  5098 | D:7      | Reached skill level 9 in Axes
  5098 | D:7      | Reached XP level 9. HP: 79/79 MP: 9/9
  5112 | D:7      | Reached *** piety under Okawaru
  5497 | D:7      | Found a sand-covered staircase.
  5631 | D:7      | Reached skill level 10 in Axes
  5790 | D:7      | Noticed Duvessa
  5790 | D:7      | Noticed Dowan
  5935 | D:7      | Killed Duvessa
  5935 | D:7      | Reached **** piety under Okawaru
  5943 | D:7      | Killed Dowan
  6162 | D:7      | Noticed a seven-headed hydra
  6162 | D:7      | Noticed a deep elf mage
  6582 | D:7      | Noticed a hellwing
  6585 | D:7      | Killed a deep elf mage
  6586 | D:7      | Reached XP level 10. HP: 78/88 MP: 9/12
  6593 | D:7      | Killed a nine-headed hydra
  6593 | D:7      | Reached ***** piety under Okawaru
  6594 | D:7      | Reached skill level 11 in Axes
  6602 | D:7      | Got a bloodstained plate armour
  6616 | D:7      | Killed an unseen horror
  6750 | D:7      | Identified the +1 plate armour "Tutwau" {rN+++ Int+7 Dex-3}
                  | (You found it on level 7 of the Dungeon)
  7065 | D:8      | Found a burning altar of Makhleb.
  7106 | D:8      | Reached skill level 5 in Invocations
  7128 | D:8      | Found a white marble altar of Elyvilon.
  7505 | D:9      | Noticed a two-headed ogre
  7520 | D:9      | Killed a two-headed ogre
  7520 | D:9      | Received a gift from Okawaru
  7838 | D:9      | Found a staircase to the Orcish Mines.
  8054 | Orc:1    | Entered Level 1 of the Orcish Mines
  8060 | Orc:1    | Reached skill level 12 in Axes
  8366 | Orc:2    | Entered Level 2 of the Orcish Mines
  8374 | Orc:2    | Noticed an orc knight
  8376 | Orc:2    | Reached XP level 11. HP: 96/97 MP: 14/14
  8392 | Orc:2    | Killed an orc knight
  8565 | Orc:2    | Noticed an orc sorcerer
  8566 | Orc:2    | Paralysed by an orc sorcerer for 7 turns
  8568 | Orc:2    | Noticed an orc warlord
  8836 | D:9      | Received a gift from Okawaru
  9136 | D:9      | Noticed Psyche
  9148 | D:9      | Killed Psyche
  9676 | D:10     | Entered Level 10 of the Dungeon
  9812 | D:10     | Noticed a death yak
  9813 | D:10     | Noticed a death yak
  9814 | D:10     | Noticed a death yak
  9832 | D:10     | Killed a death yak
  9833 | D:10     | Reached skill level 10 in Fighting
  9833 | D:10     | Reached skill level 13 in Axes
  9833 | D:10     | Reached skill level 10 in Shields
  9837 | D:10     | Killed a death yak
  9838 | D:10     | Reached skill level 10 in Armour
  9843 | D:10     | Killed a death yak
 10066 | D:10     | Found a staircase to the Lair.
 10095 | Lair:1   | Entered Level 1 of the Lair of Beasts
 10121 | Lair:1   | Received a gift from Okawaru
 10134 | Lair:1   | Got a steaming hat {god gift}
 10140 | Lair:1   | Identified the +2 hat of Life {Int+2} (Okawaru gifted it to
                  | you on level 1 of the Lair of Beasts)
 10191 | Lair:1   | Noticed Fannar
 10203 | Lair:1   | Killed Fannar
 10270 | Lair:1   | Reached XP level 12. HP: 107/107 MP: 16/16
 10655 | Lair:2   | Noticed MrDizzy's ghost (journeyman HuEn)
 10787 | Lair:2   | Noticed Sonja
 10795 | Lair:2   | Killed Sonja
 10941 | Lair:2   | Noticed Erica
 10956 | Lair:2   | Killed Erica
 11062 | Lair:2   | Reached skill level 14 in Axes
 11323 | Lair:2   | Found a transporter.
 11327 | Lair:2   | Found a transporter.
 11959 | Lair:3   | Found a hole to the Spider Nest.
 11973 | Lair:3   | Received a gift from Okawaru
 11974 | Lair:3   | Got a twisted robe {god gift}
 12290 | Lair:3   | Found a staircase to the Shoals.
 12300 | Shoals:1 | Entered Level 1 of the Shoals
 12300 | Shoals:1 | Noticed Aizul
 12741 | Lair:4   | Noticed a six-headed hydra
 12750 | Lair:4   | Killed a one-headed hydra
 12750 | Lair:4   | Reached ****** piety under Okawaru
 12751 | Lair:4   | Reached skill level 15 in Axes
 12971 | Lair:4   | Reached XP level 13. HP: 111/116 MP: 18/18
 13492 | Lair:5   | Reached skill level 1 in Evocations
 13496 | Lair:5   | HP: 1/116 [manticore (7)]
 13498 | Lair:5   | Slain by a manticore

Illustrated notes

Levels and vault maps discovered:
D:1:      co_arrival_square_in_a_square_in_a_square, layout_basic,
          moated_statue, amcnicky_mini_pool_small
D:2:      minmay_door_path, layout_basic, minmay_misc_feat_x, st_stairs_13,
          kennysheep_generic_room_7
D:3:      layout_loops_ring, portal_sewer_entry_d, uniq_grinder
D:4:      minmay_goblin_kobold_castle, layout_loops_ring,
          minmay_temple_entry_glassed_door, nicolae_underground_beach
D:5:      layout_loops_ring
D:6:      layout_loops_ring, minmay_quadrilaterals
D:7:      nzn_winding_woodlands_three_and_one [nzn_winding_woodlands_5x15_eye,
          nzn_winding_woodlands_5x15_sidewinder,
          nzn_winding_woodlands_5x15_parted,
          nzn_winding_woodlands_center_lodge], layout_loops_ring,
          enter_ossuary_3, nicolae_benzene_ring, uniq_duvessa
D:8:      layout_cave_pods, nicolae_overflow_crystal_walls, grunt_ministairs_7,
          solitary_fountain, elyvilon_altar_1
D:9:      layout_roguey, hiddenorc2_lemuel, uniq_psyche
D:10:     minmay_goldmine, layout_cave_pools, dpeg_lair_monsters,
          kennysheep_cross_room
Temple:   kilobyte_greek_temple
Lair:1:   layout_regular_city, nicolae_lair_grove_arrangements,
          grunt_megastairs_3, minmay_lair_oklob_chamber, serial_bayou_shore_a,
          uniq_fannar
Lair:2:   layout_loops_ring, enter_volcano_3, gammafunk_ghost_hive, uniq_sonja,
          uniq_erica
Lair:3:   layout_roguey, elwin_shoals_entry_rooms, spider_nest_entry_rubble,
          grunt_megastairs_2
Lair:4:   layout_regular_city
Lair:5:   nzn_motion_control, layout_misc_corridors, slime_dummy
Shoals:1: layout_shoals, uniq_nikola, uniq_aizul, uniq_donald
Orc:1:    layout_diamond_mine, serial_shops, shop, shop
Orc:2:    st_orc_pillars, layout_caves, serial_shops, nicolae_shop_trees

Skill      XL: |  1  2  3  4  5  6  7  8  9 10 11 12 13 |
---------------+----------------------------------------+-----
Axes           | 3 4 5 6 7 9 10 12 13 15 | 15.2
Shields        | 4 5 6 7 8 9 10 11 | 11.5
Armour         | 4 5 6 7 8 9 10 11 | 11.5
Fighting       | 4 5 6 7 8 9 10 11 | 11.6
Invocations    | 2 4 5 7 8 |  8.4
Evocations     | 1 |  1.1

Action                   |  1- 3 |  4- 6 |  7- 9 | 10-12 | 13-15 || total
-------------------------+-------+-------+-------+-------+-------++-------
Melee: War axe           |   109 |   107 |   198 |       |       ||   414
       Headbutt          |    17 |    16 |    67 |   151 |    10 ||   261
       Broad axe         |       |       |   120 |   533 |    29 ||   682
       Unarmed           |       |       |     6 |       |       ||     6
       Morningstar       |       |       |       |     7 |       ||     7
       Scimitar          |       |       |       |     6 |       ||     6
Throw: Boomerang         |       |       |     1 |       |       ||     1
Invok: Heroism           |       |       |     2 |     3 |     1 ||     6
Evoke: Wand              |       |       |       |     1 |       ||     1
  Use: Scroll            |       |     7 |     7 |     7 |       ||    21
       Potion            |       |       |       |     1 |       ||     1
 Stab: Petrified         |       |       |       |       |     2 ||     2
Armor: Scale mail        |    48 |    13 |       |       |       ||    61
       Plate armour      |       |    27 |   175 |   322 |    65 ||   589
Dodge: Dodged            |    23 |    24 |    76 |   195 |    21 ||   339
Block: Kite shield       |    57 |    69 |   212 |   403 |    19 ||   760
